 Dungeon Crawl Stone Soup version 0.21-a0-59-g7b0e191 (webtiles) character file.

60 HAL9000 the Chucker (level 4, -1/44 HPs)
             Began as an Ogre Hunter on June 16, 2017.
             Slain by a leopard gecko (3 damage)
             ... on level 2 of the Dungeon.
             The game lasted 00:03:43 (2030 turns).

HAL9000 the Chucker (Ogre Hunter)                   Turns: 2030, Time: 00:03:44

Health: -1/44      AC:  3    Str: 17    XL:     4   Next: 6%
Magic:  4/4        EV: 15    Int: 12    God:
Gold:   71         SH:  0    Dex: 14    Spells: 3/3 levels left

rFire    . . .     SeeInvis .   g - +0 mace
rCold    . . .     Gourm    .   (no shield)
rNeg     . . .     Faith    .   b - +0 robe
rPois    .         Spirit   .   (helmet restricted)
rElec    .         Reflect  .   (no cloak)
rCorr    .         Harm     .   (gloves unavailable)
MR       .....                  (boots unavailable)
Stlth    ++........             (no amulet)
HPRegen  0.14/turn              k - ring of loudness (curse)
MPRegen  0.09/turn              (no ring)

@: agile, flying, slowed, very slow
A: unfitting armour, tough skin 1
a: no special abilities


You were on level 2 of the Dungeon.
You were hungry.

You visited 1 branch of the dungeon, and saw 2 of its levels.

You collected 71 gold pieces.

Inventory:

Hand Weapons
 g - a +0 mace (weapon)
Missiles
 d - 2 throwing nets (quivered)
Armour
 b - a +0 robe (worn)
Jewellery
 k - a cursed ring of loudness (left hand)
Scrolls
 j - a scroll of enchant armour {unknown}
 l - a scroll of teleportation {unknown}
 m - a scroll of random uselessness {unknown}
Comestibles
 f - 3 bread rations
 o - a meat ration


   Skills:
 - Level 2.8 Fighting
 + Level 3.1 Maces & Flails
 - Level 4.0 Throwing
 - Level 1.7 Dodging
 - Level 0.6 Stealth


You had 3 spell levels left.
You didn't know any spells.

Dungeon Overview and Level Annotations

Branches:
Dungeon (2/15)

Altars:
Xom

Annotations:
D:2 Natasha


Innate Abilities, Weirdness & Mutations

You are too large for most types of armour.
You have tough skin. (AC +1)


Message History

Natasha casts a spell at you.
You feel yourself slow down. The leopard gecko closely misses you.
Unknown command.
It was a potion of flight.
You feel very buoyant.
You fly up into the air.
Natasha claws you.
* * * LOW HITPOINT WARNING * * *
The leopard gecko closely misses you.
Natasha growls.
Natasha misses you.
The leopard gecko completely misses you.
The crimson imp blinks!
The leopard gecko closely misses you.
You barely miss the leopard gecko. The leopard gecko closely misses you.
Natasha howls an incantation.
You feel disoriented. The leopard gecko misses you.
You hit the leopard gecko but do no damage.
The leopard gecko closely misses you. The leopard gecko bites you.
You die...

.## ##.. .(# ##. #.# #.
#.# #. #.# #+# #† # #(#
#.# #. .###.##†#
#.#########.
.......5#######.#.........
####...hl@...#....#######.
#########......# #.
##.#....#######.
#.#.........†...
##.####.#######. ### #.#
#. #.#######. #.........
##########


You could see Natasha, a crimson imp and a leopard gecko.

Vanquished Creatures
  Robin (D:2)
  A worm (D:2)
  2 dart slugs
  A leopard gecko (D:2)
  13 goblins
  4 hobgoblins
  3 kobolds
  A quokka (D:2)
  5 bats
  3 frilled lizards
  8 rats
42 creatures vanquished.

Notes
Turn   | Place    | Note
-------+----------+-------------------------------------------
     0 | D:1      | HAL9000 the Ogre Hunter began the quest for the Orb.
     0 | D:1      | Reached XP level 1. HP: 22/22 MP: 1/1
    85 | D:1      | Reached skill level 1 in Maces & Flails
   110 | D:1      | Reached XP level 2. HP: 14/29 MP: 2/2
  1361 | D:2      | Found a shimmering altar of Xom.
  1361 | D:2      | Found a shimmering altar of Xom.
  1363 | D:2      | Found a shimmering altar of Xom.
  1382 | D:2      | Reached XP level 3. HP: 36/36 MP: 3/3
  1458 | D:2      | Noticed Robin
  1509 | D:2      | Killed Robin
  1812 | D:2      | Found a shimmering altar of Xom.
  1812 | D:2      | Found a shimmering altar of Xom.
  1949 | D:2      | Reached XP level 4. HP: 43/44 MP: 4/4
  2005 | D:2      | Noticed Natasha
  2027 | D:2      | HP: 2/44 [Natasha (2)]
  2030 | D:2      | Slain by a leopard gecko

Vault maps used:
D:1:      lemuel_arrival_tunnels
D:2:      first_bread, xom_redecorated, uniq_natasha, uniq_robin

Skill      XL: |  1  2  3 |
---------------+----------+-----
Maces & Flails | 1 2 3 |  3.1
Fighting       | |  2.8
Throwing       | |  4.0
Dodging        | |  1.7
Stealth        | |  0.6

Action                   |  1- 3 |  4- 6 || total
-------------------------+-------+-------++-------
Melee: Mace              |   117 |    21 ||   138
       Short sword       |     2 |       ||     2
Throw: Large rock        |     5 |     4 ||     9
  Use: Potion            |       |     2 ||     2
  Eat: Chunk             |     3 |       ||     3
Armor: Robe              |    32 |     9 ||    41
Dodge: Dodged            |    77 |    23 ||   100
